 Dungeon Crawl Stone Soup version 0.19.0-23-gf02e663 (webtiles) character file.

516 ddd the Skirmisher (level 7, -1/56 HPs)
             Began as a Formicid Fighter on Nov 19, 2016.
             Killed by divine providence
             ... invoked by an orc priest
              (13 damage)
             ... on level 4 of the Dungeon.
             The game lasted 00:07:55 (3501 turns).

ddd the Skirmisher (Formicid Fighter)               Turns: 3501, Time: 00:07:59

Health: -1/56      AC: 11    Str: 20    XL:     7   Next: 44%
Magic:  7/7        EV:  7    Int: 10    God:
Gold:   190        SH:  9    Dex: 10    Spells: 0 memorised, 6 levels left

rFire  . . .     SeeInvis +     a - +0 long sword
rCold  . . .     Gourm    .     K - +0 chain mail (curse)
rNeg   . . .     Faith    .     c - +0 shield
rPois  .         Spirit   .     (helmet unavailable)
rElec  .         Reflect  .     (no cloak)
rCorr  .         Harm     .     w - +1 pair of gloves
MR     .....                    (no boots)
Stlth  ..........               (no amulet)
                                (no ring)
                                (no ring)

@: no status effects
A: permanent stasis, dig shafts and tunnels, four strong arms, antennae 3
a: Dig, Shaft Self


You were on level 4 of the Dungeon.
You were not hungry.

You visited 1 branch of the dungeon, and saw 4 of its levels.

You collected 190 gold pieces.

Inventory:

Hand Weapons
 a - a +0 long sword (weapon)
Missiles
 h - 124 stones (quivered)
Armour
 b - a +0 scale mail
 c - a +0 shield (worn)
 w - a +1 pair of gloves (worn)
 K - a cursed +0 chain mail (worn)
Wands
 y - a wand of paralysis (17/24)
Scrolls
 g - a scroll of fear {unknown}
 i - 3 scrolls of remove curse {unknown}
 k - a scroll of random uselessness {unknown}
 p - a scroll of magic mapping {unknown}
 r - 2 scrolls of teleportation {unknown}
 s - 2 scrolls of amnesia {unknown}
 v - a scroll of immolation {unknown}
 z - a scroll of noise {unknown}
 B - a scroll of identify {unknown}
 F - a scroll of recharging {unknown}
 G - a scroll of enchant armour {unknown}
 H - a scroll of blinking {unknown}
 J - a scroll of fog {unknown}
Potions
 d - 2 potions of might
 e - 2 potions of curing {unknown}
 j - a potion of cancellation {unknown}
 l - a potion of flight {unknown}
 m - a potion of degeneration {unknown}
 n - 4 potions of brilliance {unknown}
 q - a potion of cure mutation {unknown}
 t - a potion of invisibility {unknown}
 u - a potion of agility {unknown}
 A - a potion of beneficial mutation {unknown}
 D - 2 potions of haste {unknown}
 E - 2 potions of mutation {unknown}
 L - a potion of heal wounds {unknown}
Comestibles
 f - 4 bread rations
 o - a royal jelly
 x - a meat ration
 I - 2 beef jerkies


   Skills:
 - Level 5.0 Fighting
 + Level 4.4 Long Blades
 + Level 4.7 Armour
 + Level 2.2 Dodging
 - Level 5.0 Shields


You had 6 spell levels left.
You didn't know any spells.

Dungeon Overview and Level Annotations

Branches:
Dungeon (4/15)
 Temple: D:4-7

Altars:
Elyvilon
Kikubaaqudgha
Qazlal
Uskayaw
Yredelemnul


Innate Abilities, Weirdness & Mutations

You are under a permanent stasis effect.
You can dig through walls and to a lower floor.
Your four strong arms can wield two-handed weapons with a shield.
You have a pair of large antennae on your head. (SInv)


Message History

Your chain mail prevents you from hitting the orc priest.
The orc priest is moderately wounded.
The orc priest closely misses you.
The orc priest calls down the wrath of Beogh upon you.
Beogh smites you!
You hit the orc priest.
The orc priest is heavily wounded.
The orc priest looks braver for a moment.
You hit the orc priest.
The orc priest is severely wounded.
The orc priest mumbles some strange prayers to Beogh against you.
Pain shoots through your body!
You hit the orc priest.
The orc priest is almost dead.
The orc priest mumbles some strange prayers to Beogh against you.
Beogh smites you!
* * * LOW HITPOINT WARNING * * *
The orc priest calls down the wrath of Beogh upon you.
Beogh smites you!
You die...

#.# #.### #.#.. ### #...
#.. ...# #$# #o. #.# #o#
#.# #@# ########.# #.#
##.
####.....##.####.#.....
...............(........
.###........####....>.#.
.#
#.........########.... .
.# #..........# ... . .#
###........# ... . .#
##.......# #.#


You could see 2 orc priests.

Vanquished Creatures
  An ice beast (D:3)
  An ogre (D:4)
  A scorpion (D:4)
  A howler monkey (D:4)
  2 orc wizards (D:4)
  An iguana (D:4)
  2 worker ants (D:4)
  3 adders
  An ooze (D:1)
  An adder skeleton (D:4)
  5 worms
  A dart slug (D:2)
  2 leopard geckos
  8 orcs (D:4)
  4 giant cockroaches
  6 goblins
  6 hobgoblins
  8 jackals
  8 kobolds
  4 bats
  7 frilled lizards
  A jackal skeleton (D:4)
  A quokka skeleton (D:4)
  11 rats
86 creatures vanquished.

Notes
Turn   | Place    | Note
-------+----------+-------------------------------------------
     0 | D:1      | ddd the Formicid Fighter began the quest for the Orb.
     0 | D:1      | Reached XP level 1. HP: 18/18 MP: 1/1
   173 | D:1      | Reached XP level 2. HP: 24/24 MP: 2/2
   435 | D:1      | Reached XP level 3. HP: 30/30 MP: 3/3
   836 | D:2      | Found an ancient bone altar of Kikubaaqudgha.
  1176 | D:2      | Reached XP level 4. HP: 35/37 MP: 4/4
  1185 | D:2      | Found a basalt altar of Yredelemnul.
  1481 | D:2      | Found a stormy altar of Qazlal.
  1649 | D:2      | Found a white marble altar of Elyvilon.
  1954 | D:3      | Noticed an ice beast
  1976 | D:3      | Killed an ice beast
  1976 | D:3      | Reached skill level 5 in Fighting
  1976 | D:3      | Reached XP level 5. HP: 32/44 MP: 5/5
  2082 | D:3      | Reached skill level 5 in Shields
  2161 | D:3      | Found a hide-covered altar of Uskayaw.
  2629 | D:4      | Reached XP level 6. HP: 37/51 MP: 6/6
  2794 | D:4      | Reached skill level 1 in Dodging
  3111 | D:4      | Reached XP level 7. HP: 42/56 MP: 7/7
  3501 | D:4      | Killed from afar by an orc priest

Skill      XL: |  1  2  3  4  5  6  7 |
---------------+----------------------+-----
Shields        | 4 5 |  5.0
Fighting       | 4 5 |  5.0
Long Blades    | 3 4 |  4.4
Dodging        | 1 2 |  2.2
Armour         | 4 |  4.7

Action                   |  1- 3 |  4- 6 |  7- 9 || total
-------------------------+-------+-------+-------++-------
Melee: Long sword        |   111 |   154 |    34 ||   299
 Abil: Dig               |     8 |     8 |       ||    16
  Eat: Chunk             |     2 |     7 |     1 ||    10
Armor: Scale mail        |    58 |    63 |     2 ||   123
       Chain mail        |       |       |     5 ||     5
Dodge: Dodged            |    44 |    40 |    11 ||    95
Block: Shield            |    54 |    66 |     8 ||   128
       Rpst.: Long sword |    15 |    15 |     3 ||    33
